 Dungeon Crawl Stone Soup version 0.31-a0-977-gc230f8ef24 (webtiles) character file.

Game seed: 2414253046216708507

91 Shayle the Ducker (level 4, -4/27 HPs)
             Began as a Tengu Hexslinger on Oct 30, 2023.
             Slain by a scorpion (6 damage)
             ... on level 4 of the Dungeon.
             The game lasted 00:02:08 (2368 turns).

Shayle the Ducker (Tengu Hexslinger)                Turns: 2368, Time: 00:02:11

Health: -4/27      AC:  2    Str:  9    XL:     4   Next: 59%
Magic:  4/6        EV: 13    Int: 15    God:
Gold:   102        SH:  0    Dex: 16    Spells: 3/5 levels left

rFire   . . .        a - +1 sling
rCold   . . .        (no shield)
rNeg    . . .        c - +0 robe
rPois   .            n - +0 hat
rElec   .            (no cloak)
rCorr   .            (no gloves)
SInv    .            (boots unavailable)
Will    .....        (no amulet)
Stlth   +            (no ring)
HPRegen 0.24/turn    (no ring)
MPRegen 0.10/turn

%: acrobat
@: lethally poisoned (-4 -> -10)
A: beak, talons 3, acrobatic
a: no special abilities


You were on level 4 of the Dungeon.
You visited 1 branch of the dungeon, and saw 4 of its levels.

You collected 102 gold pieces.

Inventory:

Hand Weapons
 a - a +1 sling (weapon)
Missiles
 f - 2 throwing nets
Armour
 c - a +0 robe (worn)
 n - a +0 hat (worn)
Scrolls
 b - 2 scrolls of poison
 e - 5 scrolls of identify {unknown}
 g - a scroll of summoning {unknown}
 i - a scroll of immolation {unknown}
 j - a scroll of fear {unknown}
 l - a scroll of teleportation {unknown}
 m - a scroll of acquirement {unknown}
Potions
 h - a potion of curing {unknown}
 k - a potion of attraction {unknown}


   Skills:
 + Level 2.7 Fighting
 - Level 2.1 Ranged Weapons
 + Level 3.5 Dodging
 - Level 1.0 Spellcasting
 - Level 2.1 Hexes
 + Level 2.3 Fire Magic


You had 3 spell levels left.
You knew the following spells:

 Your Spells              Type           Power      Damage    Failure   Level
a - Jinxbite              Hex            14%        N/A       16%         2

Your spell library contained the following spells:

 Spells                   Type           Power      Damage    Failure   Level
 Scorch                   Fire           14%        2d5       14%         2
 Inner Flame              Hex/Fire       7%         N/A       28%         3
 Sigil of Binding         Hex            7%         N/A       30%         3
 Cause Fear               Hex            3%         N/A       69%         4
 Dimensional Bullseye     Hex/Tloc       2%         N/A       83%         4
 Monstrous Menagerie      Summ           0%         N/A       100%        7


Dungeon Overview and Level Annotations

Branches:
Dungeon (4/15)
 Temple: D:4-7

Altars:
Ru
Trog

Shops:
D:1 [


Innate Abilities, Weirdness & Mutations

You have a beak for a mouth.
You have claws for feet.
You can magically evade attacks while moving or waiting.


Message History

A ball python comes into view.
You shoot a sling bullet. The sling bullet hits the ball python.
You kill the ball python!
Found a robe.
Found a stone staircase leading up.
No target in view!
You now have 102 gold pieces (gained 15).
A scorpion comes into view.
You shoot a sling bullet.
The sling bullet barely misses the scorpion.
A scorpion is nearby!
You shoot a sling bullet. The sling bullet hits the scorpion.
The scorpion is moderately wounded.
A scorpion is nearby!
You shoot a sling bullet.
The sling bullet barely misses the scorpion.
Casting: Jinxbite (safe; 16% risk of failure)
Confirm with . or Enter, or press ? or * to list all spells.
You beckon some vexing sprites to accompany your attacks.
You feel your willpower being sapped. The scorpion misses you.
The scorpion stings you.
You shoot a sling bullet. The sling bullet hits the scorpion.
The scorpion is severely wounded.
The scorpion stings you.
You are poisoned.
The scorpion poisons you!
You shoot a sling bullet.
The sling bullet closely misses the scorpion.
You feel very sick. The scorpion stings you.
* * * LOW HITPOINT WARNING * * *
The scorpion stings you.
* * * LOW HITPOINT WARNING * * *
It was a potion of cancellation.
Your magical effects are unravelling.
You feel magically purged.
You feel your willpower return.
The jinxing sprites lose interest in you.
* * * LOW HITPOINT WARNING * * *
You feel sick. The scorpion stings you.
You die...

#....#######
............##
.............#
.............##
...<..........#
...[.........## ##
.............####..#
...........#.......#
......s@..##...#####
.........##.....##
........###......###
......####..##.....#
.....# #.#.......##
##### #..........<#
#..†.......###
............#
...........#


You could see a scorpion.

Vanquished Creatures
  4 adders
  2 worms
  A dart slug (D:2)
  8 bats
  2 endoplasms (D:2)
  4 goblins
  4 hobgoblins
  4 quokkas
  8 ball pythons
  A frilled lizard (D:3)
  6 kobolds
  5 rats
49 creatures vanquished.

Notes
Turn   | Place    | Note
-------+----------+-------------------------------------------
     0 | D:1      | Shayle the Tengu Hexslinger began the quest for the Orb.
     0 | D:1      | Reached XP level 1. HP: 12/12 MP: 3/3
    45 | D:1      | Found Huthigac's Armour Emporium.
    99 | D:1      | Reached XP level 2. HP: 16/16 MP: 4/4
   443 | D:1      | Got the Vademecum on the Familiar Sun
   447 | D:1      | Learned a level 2 spell: Jinxbite
   903 | D:2      | Reached skill level 3 in Dodging
   903 | D:2      | Reached XP level 3. HP: 21/21 MP: 2/5
  1429 | D:3      | Reached XP level 4. HP: 18/27 MP: 3/6
  1483 | D:3      | Found a bloodstained altar of Trog.
  1824 | D:3      | Found a sacrificial altar of Ru.
  2361 | D:4      | Noticed a scorpion
  2368 | D:4      | Slain by a scorpion

Illustrated notes

Levels and vault maps discovered:
D:1:      minmay_arrival_cross, layout_basic, serial_shops, shop
D:2:      layout_basic
D:3:      layout_basic, lightli_temple_of_fire, nicolae_ru_awakened_eye,
          nicolae_twisty_statue_hallways
D:4:      layout_cave_pods, makhleb_heckhound_becter,
          ebering_ghost_disaster_area, serial_shops, shop, serial_park,
          serial_park_paths [serial_park_minivault_5x5_3], serial_park_avenue1

Skill      XL: |  1  2  3 |
---------------+----------+-----
Fighting       | 2 |  2.7
Dodging        | 3 |  3.5
Fire Magic     | 2 |  2.3
Ranged Weapons | |  2.1
Spellcasting   | |  1.0
Hexes          | |  2.1

Action                     |  1- 3 |  4- 6 || total
---------------------------+-------+-------++-------
   Fire: Sling             |    94 |    43 ||   137
   Cast: Jinxbite          |     5 |     1 ||     6
    Use: Potion            |       |     1 ||     1
 Armour: Robe              |    11 |     7 ||    18
  Dodge: Dodged            |    20 |    16 ||    36

Table legend: (Time is in decaauts)
 A = Elapsed time spent in this place.
 B = Non-inter-level travel time spent in this place.
 C = Inter-level travel time spent in this place.
 D = Time resting spent in this place.
 E = Time spent auto-exploring this place.
 F = Levels seen in this place.
 G = Mean time per level.
                   A        B        C        D        E       F      G
               +--------+--------+--------+--------+--------+-----+--------+
         Total |   2407 |   2288 |    119 |      0 |   1993 |   4 |  601.8 |
       Dungeon |   2407 |   2288 |    119 |      0 |   1993 |   4 |  601.8 |
               +--------+--------+--------+--------+--------+-----+--------+

Top non-repeatable levels by time:
     D:3: 904 daAuts
     D:1: 779 daAuts
     D:2: 667 daAuts
     D:4: 56 daAuts
